 Dungeon Crawl Stone Soup version 0.25.1-2-g60ff931df9 (webtiles) character file.

Game seed: 17344520499066825177

32 DearestLeader the Conjurer (level 3, 0/26 HPs)
             Began as a Draconian Conjurer on Oct 29, 2020.
             Slain by a worm (8 damage)
             ... on level 2 of the Dungeon.
             The game lasted 00:02:30 (1376 turns).

DearestLeader the Conjurer (Draconian Conjurer)     Turns: 1376, Time: 00:02:31

Health: 0/26       AC:  5    Str: 10    XL:     3   Next: 10%
Magic:  6/6        EV: 12    Int: 16    God:
Gold:   52         SH:  0    Dex: 11    Spells: 5/6 levels left

rFire    . . .     SeeInvis .   h - +0 dagger (venom)
rCold    . . .     Gourm    .   (no shield)
rNeg     . . .     Faith    .   (armour unavailable)
rPois    .         Spirit   .   (helmet restricted)
rElec    .         Reflect  .   (no cloak)
rCorr    .         Harm     .   (no gloves)
MR       .....                  (no boots)
Stlth    ++........             (no amulet)
HPRegen  0.08/turn              (no ring)
MPRegen  0.10/turn              (no ring)

@: no status effects
A: unfitting armour, cold-blooded, AC +5
a: no special abilities


You were on level 2 of the Dungeon.
You were not hungry.

You visited 1 branch of the dungeon, and saw 2 of its levels.

You collected 52 gold pieces.

Inventory:

Hand Weapons
 h - a +0 dagger of venom (weapon)
Scrolls
 a - a scroll of random uselessness {unknown}
 e - 2 scrolls of enchant armour {unknown}
Potions
 c - 2 potions of brilliance {unknown}
 g - a potion of heal wounds {unknown}
Comestibles
 b - 2 rations
 d - 2 chunks of flesh


   Skills:
 - Level 1.7 Dodging
 - Level 1.7 Stealth
 - Level 2.0 Spellcasting
 * Level 5.0 Conjurations


You had 5 spell levels left.
You knew the following spells:

 Your Spells              Type           Power        Failure   Level  Hunger
a - Magic Dart            Conj           ###.         2%          1    #......

Your spell library contained the following spells:

 Spells                   Type           Power        Failure   Level  Hunger
 Searing Ray              Conj           ###...       3%          2    ###....
 Dazzling Flash           Conj/Hex       #.....       22%         3    ###....
 Fulminant Prism          Conj/Hex       #.........   58%         4    #####..
 Iskenderun's Mystic Bla  Conj/Tloc      #.......     58%         4    #####..


Dungeon Overview and Level Annotations

Branches:
Dungeon (2/15)

Altars:
Xom


Innate Abilities, Weirdness & Mutations

Your plain brown scales are hard. (AC +5)
You cannot fit into any form of body armour.
You are cold-blooded and may be slowed by cold attacks.


Message History

There is an open door here.
The worm barely misses you.
You hit the ooze.
The ooze is poisoned.
The ooze is moderately wounded.
The ooze hits you but does no damage.
You hit the ooze.
The ooze looks as sick as possible!
The ooze is severely wounded.
The ooze barely misses you. The worm bites you!
* * * LOW HITPOINT WARNING * * *
You hit the ooze but do no damage.
The ooze looks as sick as possible!
The ooze is almost dead.
You kill the ooze!
You have reached level 3!
Your experience leads to an increase in your attributes!
Increase (S)trength, (I)ntelligence, or (D)exterity?
You feel clever.
Your scales feel tougher.
You hit the worm but do no damage.
The worm looks even sicker.
The worm is almost dead.
The worm bites you!
You die...

#...........#
#..........#
#..........#
#......#####
#......# #......#
###......#
#...#'####
#...#@######
#...#w##...####
#.....##......#
#.###.....^^^.[..
+...#.###.^_^.###
#.#.#.# ..^...#
#.#.#.. ......#
#.# ####.)....#
#.# #......#


You could see a worm (very poisoned).

Vanquished Creatures
  An ooze (D:2)
  2 dart slugs
  3 goblins (D:1)
  5 hobgoblins (D:1)
  4 bats (D:1)
  2 frilled lizards (D:1)
  4 kobolds (D:1)
  3 rats (D:1)
24 creatures vanquished.

Notes
Turn   | Place    | Note
-------+----------+-------------------------------------------
     0 | D:1      | DearestLeader the Draconian Conjurer began the quest for
                  | the Orb.
     0 | D:1      | Reached XP level 1. HP: 14/14 MP: 3/3
   433 | D:1      | Reached XP level 2. HP: 20/20 MP: 3/5
  1334 | D:2      | Reached skill level 5 in Conjurations
  1354 | D:2      | Found a shimmering altar of Xom.
  1375 | D:2      | Reached XP level 3. HP: 8/26 MP: 6/6
  1376 | D:2      | Slain by a worm

Illustrated notes

Levels and vault maps discovered:
D:1:      wander_arrival_estate, layout_basic, corexii_hall_statues_l
D:2:      layout_basic, xom_teletrap_fun, serial_rivers,
          chequers_serial_rivers_marsh, chequers_serial_rivers_room_b,
          chequers_serial_rivers_micro_d, chequers_serial_rivers_small_3,
          chequers_serial_rivers_micro_b

Skill      XL: |  1  2 |
---------------+-------+-----
Conjurations   | 5 |  5.0
Dodging        | |  1.7
Stealth        | |  1.7
Spellcasting   | |  2.0

Action                   || total
-------------------------++-------
Melee: Whip              ||    10
       Dagger            ||    27
       Tailslap          ||     3
 Cast: Magic Dart        ||    29
 Stab: Sleeping          ||     2
  Eat: Chunk             ||     2
Armor: Skin              ||    14
Dodge: Dodged            ||    24
